 Dungeon Crawl Stone Soup version 0.30.0-13-g156ef70053 (webtiles) character file.

Game seed: 6656849736308593857

21 Persephone the Slasher (level 2, -3/24 HPs)
             Began as a Merfolk Berserker on May 17, 2023.
             Was a Follower of Trog.
             Slain by Jessica
             ... wielding a +0 dagger
              (6 damage)
             ... on level 2 of the Dungeon.
             The game lasted 00:02:01 (923 turns).

Persephone the Slasher (Merfolk Berserker)           Turns: 923, Time: 00:02:01

Health: -3/24      AC:  3    Str: 17    XL:     2   Next: 83%
Magic:  2/2        EV: 12    Int:  6    God:    Trog [*.....]
Gold:   40         SH:  0    Dex: 13    Spells: 1/1 levels left

rFire   . . .        a - +0 falchion
rCold   . . .        (no shield)
rNeg    . . .        g - +0 leather armour
rPois   .            (no helmet)
rElec   .            (no cloak)
rCorr   .            (no gloves)
SInv    .            (no boots)
Will    .....        (no amulet)
Stlth   +            (no ring)
HPRegen 0.24/turn    (no ring)
MPRegen 0.08/turn

%: no passive effects
@: on berserk cooldown, slowed, very slow
A: (nimble swimmer 2), mertail
a: Renounce Religion, Berserk


You were on level 2 of the Dungeon.
You worshipped Trog.
Trog was aware of your devotion.
You visited 1 branch of the dungeon, and saw 2 of its levels.

You collected 40 gold pieces.

Inventory:

Hand Weapons
 a - a +0 falchion (weapon)
Missiles
 c - 6 boomerangs (quivered)
Armour
 g - a +0 leather armour (worn)
Potions
 h - 2 potions of curing
 i - a potion of mutation


   Skills:
 - Level 3.2 Fighting
 + Level 4.8 Long Blades
 - Level 1.3 Armour
 - Level 2.6 Dodging


You had one spell level left.
You didn't know any spells.
Your spell library was empty.

Dungeon Overview and Level Annotations

Branches:
Dungeon (2/15)

Altars:

Shops:
D:1 =

Annotations:
D:2 Jessica


Innate Abilities, Weirdness & Mutations

((You are very nimble when in or above water. (Stealth+, EV+, Speed+++)))
Your lower body shifts to a powerful aquatic tail in water.


Message History

You feel yourself moving faster!
You feel mighty! The adder barely misses you.
You hit the adder.
The adder is heavily wounded.
Jessica hits you with a +0 dagger. The adder bites you but does no damage.
You slash the adder!
You kill the adder!
Trog accepts your kill. Jessica barely misses you.
Jessica shouts, "I don't like beings like you!"
Jessica closely misses you.
You closely miss Jessica. Jessica barely misses you.
You completely miss Jessica.
Jessica gestures wildly while chanting.
Jessica blinks!
You feel a strong urge to attack something.
Jessica casts a spell at you. Pain shoots through your body!
You are no longer berserk.
You are exhausted.
You feel yourself slow down. Jessica closely misses you.
You completely miss Jessica. Jessica hits you with a +0 dagger. x2
You hit Jessica.
Jessica is moderately wounded.
Jessica barely misses you. Jessica closely misses you.
Jessica barely misses you.
You hit Jessica.
Jessica is severely wounded.
Jessica closely misses you. Jessica casts a spell at you.
You barely resist. You hit Jessica but do no damage.
Jessica is severely wounded.
Jessica hits you with a +0 dagger. x2
* * * LOW HITPOINT WARNING * * *
Jessica hits you with a +0 dagger.
* * * LOW HITPOINT WARNING * * *
You hit Jessica but do no damage.
Jessica is severely wounded.
Jessica hits you with a +0 dagger.
You die...

########.#
..)......#
#######..#
#####..#
##......#
#.......#
#..###..# #.@#
#..# #.@# #..#.#
######..###.....
...............#
#.#.
#.........>...##
.$.
..^.........#.#
..#
#.##.#.###..#
... # #.#. ..#
#.# #.#. ..# #.#
.. .#


You could see Jessica (fast).

Vanquished Creatures
  An adder (D:2)
  2 ball pythons (D:1)
  2 endoplasms (D:1)
  A hobgoblin (D:1)
  A goblin (D:1)
  4 kobolds (D:1)
  3 rats (D:1)
14 creatures vanquished.

Notes
Turn   | Place    | Note
-------+----------+-------------------------------------------
     0 | D:1      | Persephone the Merfolk Berserker began the quest for the
                  | Orb.
     0 | D:1      | Reached XP level 1. HP: 18/18 MP: 1/1
   325 | D:1      | Found Tarof's Jewellery Shoppe.
   330 | D:1      | Reached skill level 4 in Long Blades
   433 | D:1      | Reached XP level 2. HP: 18/24 MP: 2/2
   905 | D:2      | Noticed Jessica
   923 | D:2      | Slain by Jessica

Illustrated notes

Levels and vault maps discovered:
D:1:      minmay_arrival_wavy_path, layout_basic, serial_shops,
          nicolae_shop_waterfront
D:2:      layout_loops_ring, uniq_jessica

Skill      XL: |  1 |
---------------+----+-----
Long Blades    | 4 |  4.8
Fighting       | |  3.2
Armour         | |  1.3
Dodging        | |  2.6

Action                     || total
---------------------------++-------
  Melee: Falchion          ||    47
         Punch             ||     1
  Throw: Boomerang         ||    15
 Invoke: Berserk           ||     1
    Use: Scroll            ||     6
 Armour: Leather armour    ||    10
  Dodge: Dodged            ||    28
